Map: Frozen Temple

Players

Elazer

  • Race: Zerg Zerg

PtitDrogo - Winner!

  • Race: Protoss Protoss

Event: 2016 WCS Summer Circuit Championship (DH Montreal)

VOD

Have the link to the VOD?

Description

Time

  • Played on: Aug. 13, 2016, 1:34 p.m.
  • Length: 8:26

All games in this series

Show
View Real Time Build Order
Export as new Build Order

Elazer Zerg 

Build Orders: Hatch First 

Get SALT Encoding   

  12  0:00  Drone  
  13  0:12  Overlord  
  13  0:17  Drone  
  14  0:30  Drone  
  14  0:31  Drone  
  14  0:34  Drone  
  17  0:52  Hatchery  
  17  0:54  Drone  
  17  0:57  Drone  
  18  1:08  Extractor  
  17  1:12  Spawning Pool  
  17  1:15  Drone  
  17  1:19  Drone  
  18  1:28  Drone  
  19  1:41  Overlord  
  19  1:49  Drone  
  20  1:59  Queen  
  20  2:00  Drone  
  23  2:04  Queen, Zergling x2  
  26  2:08  Metabolic Boost  
  26  2:11  Drone  
  27  2:17  Drone  
  28  2:29  Hatchery  
  27  2:32  Drone  
  27  2:36  Zergling x4  
  30  2:42  Queen  
  32  2:47  Overlord  
  32  2:50  Drone  
  33  2:52  Drone  
  33  2:55  Drone  
  33  2:58  Drone  
  36  3:05  Drone  
  36  3:07  Drone x2  
  36  3:08  Drone  
  36  3:10  Drone  
  36  3:11  Drone  
  36  3:12  Drone  
  42  3:18  Queen  
  44  3:22  Overlord  
  44  3:30  Extractor  
  44  3:31  Drone  
  44  3:38  Overlord  
  44  3:40  Drone x2  
  46  3:42  Drone x2  
  46  3:47  Drone x3  
  51  3:51  Extractor, Roach Warren, Drone x2  
  51  3:52  Drone  
  51  3:54  Drone  
  53  4:00  Overlord  
  53  4:02  Drone x2  
  55  4:05  Overlord  
  55  4:12  Lair  
  54  4:17  Overlord  
  54  4:19  Overlord  
  54  4:20  Drone  
  55  4:31  Roach x5  
  64  4:33  Roach  
  64  4:37  Roach x2  
  68  4:46  Roach x3  
  68  4:48  Drone x2  
  72  4:53  Drone x2  
  72  4:56  Drone  
  67  5:00  Drone  
  67  5:03  Drone  
  67  5:05  Drone  
  67  5:14  Glial Reconstitution  
  66  5:19  Overlord  
  66  5:26  Roach x2  
  70  5:28  Roach  
  70  5:30  Roach  
  70  5:35  Roach  
  76  5:40  Roach  
  76  5:41  Roach  
  78  5:50  Zergling x12  
  78  5:54  Zergling x4  
  82  5:57  Zergling x2  
  82  5:58  Zergling x2  
  82  6:01  Zergling x4  
  86  6:04  Ravager  
  86  6:06  Zergling x4  
  86  6:10  Zergling x2  
  90  6:22  Zergling x2  
  90  6:23  Zergling x2  
  90  6:25  Overlord  
  90  6:32  Zergling x2  
  87  6:33  Zergling x6  
  87  6:35  Ravager  
  87  6:36  Ravager  
  87  6:38  Ravager, Zergling x2  
  87  6:39  Zergling x2  
  89  6:47  Roach x5  
  92  7:00  Roach x3  
  93  7:03  Roach x2  
  93  7:05  Overlord  
  86  7:19  Roach x4  
  86  7:20  Roach x2  
  89  7:23  Roach  
  89  7:26  Roach  
  92  7:30  Roach  
  92  7:31  Roach  
  92  7:33  Ravager  
  97  7:38  Zergling x2  
  97  7:39  Zergling x6  
  97  7:41  Ravager  
  97  7:42  Zergling x2  
  103  7:48  Zergling x6  
  106  7:52  Overlord  
Show
View Real Time Build Order
Export as new Build Order

PtitDrogo Protoss - Winner!

Build Orders: 1 Gate Expand 

Get SALT Encoding   

  12  0:01  Probe (Chrono Boost)  
  13  0:11  Probe (Chrono Boost)  
  14  0:18  Pylon  
  14  0:22  Probe (Chrono Boost)  
  15  0:37  Probe (Chrono Boost)  
  15  0:38  Gateway  
  16  0:47  Probe (Chrono Boost)  
  16  0:48  Assimilator  
  17  0:58  Probe (Chrono Boost)  
  18  1:08  Probe (Chrono Boost)  
  19  1:20  Nexus  
  19  1:22  Probe (Chrono Boost)  
  20  1:33  Cybernetics Core  
  20  1:36  Probe (Chrono Boost)  
  21  1:40  Assimilator  
  21  1:47  Probe (Chrono Boost)  
  22  1:51  Pylon  
  22  1:57  Probe (Chrono Boost)  
  23  2:05  Adept  
  23  2:09  Warp Gate  
  23  2:11  Probe (Chrono Boost)  
  27  2:23  Probe (Chrono Boost)  
  27  2:25  Twilight Council  
  27  2:29  Adept  
  27  2:33  Probe (Chrono Boost)  
  27  2:34  Probe (Chrono Boost)  
  32  2:44  Probe (Chrono Boost)  
  32  2:46  Probe (Chrono Boost)  
  32  2:49  Resonating Glaives  
  33  2:55  Probe (Chrono Boost)  
  33  2:58  Probe (Chrono Boost)  
  38  3:06  Stalker  
  38  3:07  Probe (Chrono Boost)  
  38  3:10  Probe (Chrono Boost)  
  39  3:16  Gateway  
  39  3:18  Gateway  
  39  3:19  Probe (Chrono Boost)  
  40  3:22  Probe (Chrono Boost)  
  40  3:26  Pylon  
  41  3:31  Probe (Chrono Boost)  
  41  3:33  Adept  
  44  3:36  Mothership Core (Chrono Boost)  
  46  3:46  Probe (Chrono Boost)  
  47  3:57  Nexus  
  47  3:58  Probe (Chrono Boost), Pylon  
  47  4:01  Probe (Chrono Boost)  
  49  4:09  Probe (Chrono Boost)  
  50  4:13  Probe (Chrono Boost)  
  50  4:17  Adept x3  
  54  4:19  Probe (Chrono Boost)  
  58  4:24  Pylon  
  58  4:25  Probe (Chrono Boost), Robotics Facility  
  58  4:31  Probe (Chrono Boost)  
  59  4:37  Probe (Chrono Boost)  
  60  4:40  Pylon  
  60  4:41  Probe (Chrono Boost)  
  61  4:49  Probe (Chrono Boost)  
  62  4:54  Probe (Chrono Boost)  
  63  5:02  Probe (Chrono Boost)  
  63  5:05  Probe (Chrono Boost)  
  63  5:06  Assimilator x2  
  63  5:07  Forge  
  63  5:09  Immortal  
  63  5:14  Probe (Chrono Boost)  
  61  5:16  Probe x2 (Chrono Boost)  
  61  5:17  Sentry x3  
  72  5:22  Gateway  
  72  5:24  Gateway  
  72  5:26  Probe (Chrono Boost), Gateway  
  72  5:28  Probe (Chrono Boost)  
  74  5:30  Probe (Chrono Boost), Pylon  
  74  5:32  Pylon  
  75  5:38  Probe (Chrono Boost)  
  75  5:40  Probe (Chrono Boost), Adept x2  
  75  5:42  Protoss Ground Weapons Level 1  
  81  5:48  Charge  
  81  5:49  Immortal  
  81  5:53  Probe (Chrono Boost)  
  81  5:55  Probe x2 (Chrono Boost)  
  88  6:04  Probe (Chrono Boost)  
  88  6:07  Probe x2 (Chrono Boost)  
  88  6:09  Zealot  
  92  6:16  Probe (Chrono Boost)  
  94  6:19  Probe (Chrono Boost)  
  94  6:22  Probe (Chrono Boost)  
  94  6:23  Assimilator  
  94  6:24  Assimilator  
  95  6:28  Probe (Chrono Boost)  
  95  6:31  Adept x6  
  108  6:32  Immortal  
  100  6:46  Photon Cannon  
  90  6:47  Photon Cannon  
  90  6:55  Adept x6  
  100  7:06  Pylon  
  100  7:07  Immortal  
  100  7:08  Pylon  
  100  7:15  Adept x6  
  102  7:20  Probe x2 (Chrono Boost)  
  97  7:24  Probe (Chrono Boost)  
  98  7:32  Probe x2 (Chrono Boost)  
  98  7:36  Probe (Chrono Boost)  
  101  7:38  Gateway x2  
  101  7:41  Immortal  
  101  7:42  Gateway  
  101  7:47  Photon Cannon  
  105  7:52  Sentry  
  105  7:53  Zealot x3, Sentry  
  115  7:59  Pylon  
  115  8:00  Zealot  
  105  8:16  Zealot x3  
  105  8:17  Zealot x2  
Tags
 
Add a new tag
Caveats
  • Supply blocks, unpowered buildings, or Contaminate may cause inaccurate times.
  • Supply counts are checked every 10 seconds.